 Dungeon Crawl Stone Soup version 0.18-a0-917-g8a3da5b (webtiles) character file.

34 filipzpl the Insei (level 3, 0/26 HPs)
             Began as a Merfolk Transmuter on Dec 26, 2015.
             Slain by a kobold
             ... wielding a +0 short sword
              (5 damage)
             ... on level 2 of the Dungeon.
             The game lasted 00:02:20 (1173 turns).

filipzpl the Insei (Merfolk Transmuter)             Turns: 1173, Time: 00:02:21

Health: 0/26       AC:  2    Str: 10    XL:     3   Next: 31%
Magic:  6/6        EV: 12    Int: 13    God:
Gold:   33         SH:  3    Dex: 14    Spells: 1 memorised, 5 levels left

rFire  . . .     SeeInvis .       - Unarmed
rCold  . . .     Gourm    .     b - +0 robe
rNeg   . . .     Faith    .     i - +0 buckler
rPois  .         Spirit   .     (no helmet)
rElec  .         Dismiss  .     (no cloak)
rCorr  .         Reflect  .     (no gloves)
SustAt .         Harm     .     (no boots)
MR     .....                    (no amulet)
Stlth  +.........               (no ring)
                                (no ring)

@: appendage, not resistant to hostile enchantments, very unstealthy
A: change form in water, swift swim, horns 2
a: End Transformation


You were on level 2 of the Dungeon.
You were hungry.
You had grown temporary horns.
You visited 1 branch of the dungeon, and saw 2 of its levels.

You collected 33 gold pieces.

Inventory:

Missiles
 a - 52 arrows
Armour
 b - a +0 robe (worn)
 i - a +0 buckler (worn)
Wands
 n - a wand of random effects (31/48)
Scrolls
 f - 2 scrolls of identify {unknown}
 j - a scroll of fog {unknown}
Potions
 e - a potion of might {unknown}
 g - 2 potions of degeneration {unknown}
 h - 2 potions of curing {unknown}
 k - 2 potions of haste {unknown}
 l - a potion of ambrosia {unknown}
Books
 c - a book of Changes

   Spells                             Type                      Level
   a - Beastly Appendage              Transmutation                1
   b - Sticks to Snakes               Transmutation                2
   c - Spider Form                    Transmutation/Poison         3
   d - Ice Form                       Ice/Transmutation            4
   e - Blade Hands                    Transmutation                5
Comestibles
 d - a bread ration
 m - a meat ration


   Skills:
 - Level 1.1 Fighting
 - Level 2.6 Dodging
 * Level 4.7 Unarmed Combat
 - Level 2.0 Spellcasting
 - Level 2.6 Transmutations


You had 5 spell levels left.
You knew the following spells:

 Your Spells              Type           Power        Failure   Level  Hunger
a - Beastly Appendage     Trmt           #.....       17%         1    ##.....


Dungeon Overview and Level Annotations

Branches:
Dungeon (2/15)

Altars:
Xom


Innate Abilities, Weirdness & Mutations

You revert to your normal form in water.
You are very nimble and swift while swimming.
You have a pair of horns on your head.


Message History

You hit the kobold.
The kobold is severely wounded.
The kobold hits you but does no damage.
You punch the kobold!
You kill the kobold!
The kobold throws a stone.
The stone misses you.
Things that are here:
a stone; a dagger; a kobold corpse The kobold hits you but does no damage.
You barely miss the kobold. The kobold closely misses you.
You barely miss the kobold. The kobold hits you but does no damage.
You hit the kobold but do no damage.
You headbutt the kobold, but do no damage.
The kobold closely misses you.
You barely miss the kobold. The kobold hits you with a short sword.
* * * LOW HITPOINT WARNING * * *
You closely miss the kobold. Your headbutt misses the kobold.
The kobold barely misses you.
You hit the kobold but do no damage. The kobold hits you with a short sword.
You die...

##...##. .. .
....#.... ..
.##.#.$.... .
...#..(. . $##
#.>#... .##...
#..#..# #.. .#
#..#..####K# .#
#..#.(<...@##.# ##
#.†.....#.(...# ...#
#.#.......#####....#
#.#.####......>....#
#.#........_..#....#
#.#.#.b......## ..#
#.#b......##.# #
#.#..#....##.#
#†#..#.##.##.#


You could see a kobold.

Vanquished Creatures
  2 worms (D:2)
  A giant gecko (D:2)
  2 bats (D:1)
  2 giant cockroaches (D:1)
  2 goblins (D:1)
  5 hobgoblins (D:1)
  5 kobolds
  3 giant newts
  2 rats
24 creatures vanquished.

Notes
Turn   | Place    | Note
--------------------------------------------------------------
     0 | D:1      | filipzpl the Merfolk Transmuter began the quest for the Orb.
     0 | D:1      | Reached XP level 1. HP: 15/15 MP: 3/3
   263 | D:1      | Reached XP level 2. HP: 14/21 MP: 5/5
   485 | D:1      | Reached skill level 4 in Unarmed Combat
  1057 | D:2      | Found a shimmering altar of Xom.
  1080 | D:2      | Reached XP level 3. HP: 19/26 MP: 4/6
  1173 | D:2      | Slain by a kobold

Vault maps used:
D:1:      lightli_arrival_isolated_outpost
D:2:      xom_butterflies

Action                   || total
-------------------------++-------
Melee: Unarmed           ||    88
 Cast: Beastly Appendage ||     3
 Stab: Sleeping          ||     1
